 Dungeon Crawl Stone Soup version 0.22.1-2-g9c5b331 (webtiles) character file.

13099 Megacaesar the Basher (level 11, -6/99 HPs)
             Began as a Yellow Draconian Monk on Dec 20, 2018.
             Was an Elder of Qazlal.
             Mangled by Rupert
             ... wielding a +2 great mace of protection
              (27 damage)
             ... on level 3 of the Lair of Beasts.
             The game lasted 01:14:18 (11320 turns).

Megacaesar the Basher (Yellow Draconian Monk)      Turns: 11320, Time: 01:14:19

Health: -6/99      AC: 12    Str: 17    XL:     11   Next: 71%
Magic:  10/16      EV: 21    Int: 11    God:    Qazlal [****..]
Gold:   515        SH:  5    Dex: 18    Spells: 12/14 levels left

rFire    . . .     SeeInvis .   a - +6 whip (freeze)
rCold    . . .     Gourm    +   (no shield)
rNeg     . . .     Faith    .   (armour unavailable)
rPois    .         Spirit   .   (helmet restricted)
rElec    .         Reflect  .   d - +0 cloak
rCorr    +         Harm     .   e - +0 pair of gloves
MR       .....                  c - +2 pair of boots
Stlth    +.........             r - amulet of the gourmand
HPRegen  0.26/turn              l - +5 ring of evasion
MPRegen  0.15/turn              K - +5 ring of dexterity

@: lethally poisoned (-6 -> -27), repel missiles
A: spit acid, acid resistance, unfitting armour, cold-blooded, AC +7
a: Breathe Acid, Upheaval, Elemental Force, Renounce Religion


You were on level 3 of the Lair of Beasts.
You worshipped Qazlal.
Qazlal was greatly pleased with you.
You were completely stuffed.

You visited 3 branches of the dungeon, and saw 13 of its levels.

You collected 515 gold pieces.

Inventory:

Hand Weapons
 a - a +6 whip of freezing (weapon)
 b - a +1 whip of holy wrath
 u - a +0 flail
Missiles
 j - a throwing net (quivered)
Armour
 c - a +2 pair of boots (worn)
 d - a +0 cloak (worn)
 e - a +0 pair of gloves (worn)
Jewellery
 i - an uncursed ring of protection from fire
 k - an uncursed ring of positive energy
 l - a +5 ring of evasion (left hand)
 r - an amulet of the gourmand (around neck)
 z - an uncursed amulet of magic regeneration
 K - a +5 ring of dexterity (right hand)
 M - an uncursed ring of flight
Wands
 o - a wand of digging (14)
 q - a wand of acid (11)
 y - a wand of flame (33)
 H - a wand of polymorph (12)
 I - a wand of enslavement (14)
Scrolls
 g - 3 scrolls of remove curse
 p - 2 scrolls of enchant armour
 s - 2 scrolls of fear
 v - 2 scrolls of random uselessness {unknown}
 A - 2 scrolls of fog {unknown}
 B - 3 scrolls of teleportation
 D - a scroll of acquirement {unknown}
 E - a scroll of amnesia {unknown}
 F - 4 scrolls of blinking
 G - 2 scrolls of identify
Potions
 h - a potion of agility
 m - 2 potions of ambrosia {unknown}
 n - a potion of lignification {unknown}
 t - a potion of brilliance
 w - 3 potions of resistance
 x - a potion of cancellation
 C - a potion of flight {unknown}
 J - a potion of magic {unknown}
 L - a potion of degeneration {unknown}
Comestibles
 f - 18 rations


   Skills:
 - Level 10.0 Fighting
 - Level 14.0 Maces & Flails
 * Level 5.5 Dodging
 - Level 2.0 Stealth
 - Level 2.0 Spellcasting
 - Level 2.3 Conjurations
 - Level 7.0 Invocations


You had 12 spell levels left.
You knew the following spells:

 Your Spells              Type           Power        Failure   Level  Hunger
a - Magic Dart            Conj           #...         11%         1    ##.....
b - Apportation           Tloc           #.....       28%         1    ##.....

Your spell library contained the following spells:

 Spells                   Type           Power        Failure   Level  Hunger
 Searing Ray              Conj           #.....       17%         2    ###....
 Sting                    Conj/Pois      #...         19%         1    ##.....
 Throw Flame              Conj/Fire      #.....       26%         2    ###....
 Throw Frost              Conj/Ice       #.....       26%         2    ###....
 Summon Butterflies       Summ           #.......     28%         1    ##.....
 Poisonous Vapours        Pois/Air       #.....       41%         2    ###....
 Dazzling Spray           Conj/Hex       #.....       47%         3    ####...
 Stone Arrow              Conj/Erth      #.....       47%         3    ####...
 Mephitic Cloud           Conj/Pois/Air  #.......     54%         3    ####...
 Lesser Beckoning         Tloc           #.........   65%         3    ####...
 Ozocubu's Armour         Chrm/Ice       #.......     65%         3    ####...
 Tukima's Dance           Hex            #.......     65%         3    ####...
 Iskenderun's Mystic Bla  Conj           #.......     73%         4    #####..
 Force Lance              Conj/Tloc      #.......     87%         4    #####..
 Fulminant Prism          Conj/Hex       #.........   87%         4    #####..
 Ice Form                 Ice/Tmut       #.......     96%         4    #####..
 Leda's Liquefaction      Hex/Erth       #.........   96%         4    #####..
 Olgreb's Toxic Radiance  Pois           #.......     96%         4    #####..
 Bolt of Magma            Conj/Fire/Erth #.........   99%         5    ######.
 Venom Bolt               Conj/Pois      #.........   99%         5    ######.
 Alistair's Intoxication  Tmut/Pois      #.......     100%        5    ######.
 Conjure Ball Lightning   Conj/Air       #.........   100%        6    #######
 Invisibility             Hex            #.......     100%        6    #######
 Iron Shot                Conj/Erth      #.........   100%        6    #######
 Statue Form              Tmut/Erth      #........    100%        6    #######
 Shatter                  Erth           #.........   100%        9    #######


Dungeon Overview and Level Annotations

Branches:
Dungeon (9/15)             Temple (1/1) D:7            Lair (3/6) D:9
 Shoals (0/4) Lair:3
  Snake: Lair:2-4    Spider: Lair:2-4       Orc: D:9-12

Altars:
Ashenzari
Cheibriados
Dithmenos
Elyvilon
Fedhas
Gozag
Hepliaklqana
Kikubaaqudgha
Makhleb
Nemelex Xobeh
Okawaru
Qazlal
Ru
Sif Muna
Trog
Uskayaw
Vehumet
Wu Jian
Xom
Yredelemnul
Zin
The Shining One

Shops:
D:9 *%=%*

Annotations:
Lair:3 Rupert


Innate Abilities, Weirdness & Mutations

You can spit globs of acid.
You are resistant to acid.
Your golden yellow scales are hard. (AC +7)
You cannot fit into any form of body armour.
You are cold-blooded and may be slowed by cold attacks.


Message History

You feel sick.
Rupert hits you with a great mace of protection!!
* * * LOW HITPOINT WARNING * * *
The spiny frog completely misses you.
You're too confused!
Okay, then.
You're too confused!
What are your orders? t - Shout!
Anything else - Cancel.
Okay, then.
You feel less confused.
* * * LOW HITPOINT WARNING * * *
You feel very sick. Rupert closely misses you.
The spiny frog is struck by lightning.
The spiny frog completely misses you.
Clouds arounds you coalesce and take form!
* * * LOW HITPOINT WARNING * * *
You feel sick.
Rupert hits you with a great mace of protection!!
You die...

.. .P.. #......# ..
#...#..# ..# .#...#..#
#..# ......P.##### ###
...##
.#...P§.l#..####.##P...#
......E..§............#
#.....@@.............#
#.#...EF§E...........#
........#.#.##.P^.....#
.......###.#####......##
.>..... ### #......P#
.......#### ##.......#
..........#####P......##
...........<..........#
###.#####P.##.#.#.#P#.#


You could see Rupert (berserk), a komodo dragon, a spiny frog, 2 friendly water
elementals and a friendly fire elemental.

Vanquished Creatures
  A hydra (Lair:2)
  A queen ant (Lair:2)
  Pikel (D:7)
  The ghost of buskinjo the Spear-Bearer, a novice MfSu (D:8)
  A manticore (Lair:3)
  2 spiny frogs (Lair:1)
  A troll (D:9)
  A hornet (D:9)
  3 blink frogs (Lair:2)
  Prince Ribbit (D:7)
  2 hippogriffs
  Sigmund (D:2)
  A spriggan (D:7)
  3 yaks (D:9)
  2 hungry ghosts
  Menkaure (D:7)
  18 soldier ants (Lair:2)
  Duvessa (D:7)
  3 water moccasins
  2 porcupines (Lair:1)
  4 ice beasts
  2 orc warriors (D:9)
  2 phantoms
  A slave (D:7)
  4 centaurs
  4 ogres
  3 wolves (D:9)
  2 crocodiles
  7 bullfrogs
  Dowan (D:7)
  3 scorpions
  6 killer bees (D:9)
  2 crimson imps
  2 jellies (D:6)
  A centaur skeleton (D:9)
  8 hounds
  5 orc priests
  A bullfrog skeleton (D:4)
  Jessica (D:2)
  2 iguanas (D:7)
  12 orc wizards
  21 worker ants
  12 gnolls
  13 adders
  3 shadow imps
  2 oozes
  An adder skeleton (D:7)
  An adder zombie (D:5)
  A dart slug (D:3)
  2 leopard geckos
  32 orcs
  12 giant cockroaches
  8 goblins
  6 hobgoblins
  A quokka (D:5)
  3 ball pythons
  3 bats
  4 frilled lizards
  A jackal skeleton (D:5)
  9 kobolds
  2 quokka skeletons
  A quokka zombie (D:7)
  8 rats
  A bush (Lair:1)
267 creatures vanquished.

Vanquished Creatures (collateral kills)
  2 soldier ants (Lair:2)
2 creatures vanquished.

Vanquished Creatures (others)
  A fungus (Lair:2)
  2 plants
  2 withered plants (D:9)
5 creatures vanquished.

Grand Total: 274 creatures vanquished

Notes
Turn   | Place    | Note
-------+----------+-------------------------------------------
     0 | D:1      | Megacaesar the Draconian Monk began the quest for the Orb.
     0 | D:1      | Reached XP level 1. HP: 19/19 MP: 1/1
   248 | D:1      | Reached XP level 2. HP: 26/26 MP: 2/2
   528 | D:1      | Reached XP level 3. HP: 24/33 MP: 3/3
   807 | D:2      | Noticed Jessica
   837 | D:2      | Killed Jessica
   837 | D:2      | Reached skill level 4 in Maces & Flails
   837 | D:2      | Reached XP level 4. HP: 25/40 MP: 4/4
  1075 | D:2      | Noticed a dagger
  1075 | D:2      | Noticed a dagger
  1084 | D:2      | Found a hide-covered altar of Uskayaw.
  1380 | D:2      | Noticed Sigmund
  1418 | D:2      | Killed Sigmund
  1418 | D:2      | Reached skill level 6 in Maces & Flails
  1418 | D:2      | Reached XP level 5. HP: 29/46 MP: 5/5
  1418 | D:2      | Reached XP level 6. HP: 32/52 MP: 6/6
  1742 | D:3      | Learned a level 1 spell: Magic Dart
  1887 | D:3      | Found a radiant altar of Vehumet.
  2197 | D:3      | Reached skill level 1 in Spellcasting
  2460 | D:4      | Reached skill level 7 in Maces & Flails
  2529 | D:4      | Reached skill level 1 in Conjurations
  2560 | D:4      | Your scales start taking on a golden yellow colour.
  2560 | D:4      | Reached XP level 7. HP: 36/59 MP: 9/9
  2909 | D:4      | Found a stormy altar of Qazlal.
  2917 | D:4      | Became a worshipper of Qazlal Stormbringer
  2917 | D:4      | Reached * piety under Qazlal
  2917 | D:4      | Reached ** piety under Qazlal
  3373 | D:4      | Reached skill level 8 in Maces & Flails
  3657 | D:5      | Entered Level 5 of the Dungeon
  3741 | D:5      | Found a radiant altar of Vehumet.
  3914 | D:5      | Reached XP level 8. HP: 66/66 MP: 11/11
  3959 | D:5      | Reached skill level 9 in Maces & Flails
  4208 | D:5      | Reached *** piety under Qazlal
  4248 | D:5      | Found an opulent altar of Gozag.
  4429 | D:6      | Reached skill level 10 in Maces & Flails
  4548 | D:6      | Found a blossoming altar of Fedhas.
  4891 | D:6      | Reached skill level 11 in Maces & Flails
  5163 | D:7      | Identified Aderhoun's Handbook of Combat Magic and the
                  | Frostbite
  5207 | D:7      | Found a sacrificial altar of Ru.
  5223 | D:7      | Reached XP level 9. HP: 71/71 MP: 12/12
  5224 | D:7      | Found a staircase to the Ecumenical Temple.
  5233 | Temple   | Entered the Ecumenical Temple
  5816 | D:7      | Noticed Duvessa
  5820 | D:7      | Noticed Dowan
  5832 | D:7      | Killed Dowan
  5839 | D:7      | Killed Duvessa
  5955 | D:7      | Reached skill level 12 in Maces & Flails
  5990 | D:7      | Noticed Menkaure
  5996 | D:7      | Noticed Prince Ribbit
  6011 | D:7      | Killed Menkaure
  6027 | D:7      | Noticed Pikel
  6205 | D:7      | Killed Pikel
  6205 | D:7      | Reached skill level 13 in Maces & Flails
  6236 | D:7      | Killed Prince Ribbit
  6556 | D:7      | Found an iron altar of Okawaru.
  6556 | D:7      | Found a shimmering altar of Xom.
  6728 | D:8      | Found a large runed door.
  6728 | D:8      | Found a large runed door.
  6737 | D:8      | Noticed buskinjo's ghost (novice MfSu)
  6754 | D:8      | Killed buskinjo's ghost
  6754 | D:8      | Reached XP level 10. HP: 59/78 MP: 13/13
  6939 | D:8      | Found a blossoming altar of Fedhas.
  7228 | D:9      | Found Gul Vaov's Food Boutique.
  7228 | D:9      | Found Nuerusemo's Food Boutique.
  7228 | D:9      | Found Irylas's Assorted Antiques.
  7229 | D:9      | Found Kiuvuaw's Jewellery Boutique.
  7260 | D:9      | Reached skill level 14 in Maces & Flails
  7278 | D:9      | Reached skill level 1 in Invocations
  7346 | D:9      | Found Lual's General Store.
  7552 | D:9      | Reached skill level 5 in Invocations
  7606 | D:9      | Found a hazy altar of Hepliaklqana.
  7741 | D:9      | Found a stormy altar of Qazlal.
  7866 | D:9      | Found an ancient bone altar of Kikubaaqudgha.
  7911 | D:9      | Paralysed by a hornet for 1 turns
  8069 | D:9      | Found a staircase to the Lair.
  8129 | Lair:1   | Entered Level 1 of the Lair of Beasts
  8364 | Lair:1   | Noticed a spiny frog
  8378 | Lair:1   | Killed a spiny frog
  8378 | Lair:1   | Reached skill level 5 in Fighting
  8677 | Lair:1   | Noticed a spiny frog
  8688 | Lair:1   | Killed a spiny frog
  9160 | Lair:1   | Reached XP level 11. HP: 91/91 MP: 16/16
  9388 | Lair:2   | Noticed a seven-headed hydra
  9393 | Lair:2   | Killed a seven-headed hydra
  9469 | Lair:2   | Reached **** piety under Qazlal
  9742 | Lair:2   | Reached skill level 10 in Fighting
 10163 | Lair:2   | Noticed a queen ant
 10183 | Lair:2   | Killed a queen ant
 10557 | Lair:2   | Learned a level 1 spell: Apportation
 11268 | Lair:3   | Reached skill level 5 in Dodging
 11310 | Lair:3   | Noticed Rupert
 11314 | Lair:3   | Found a staircase to the Shoals.
 11314 | Lair:3   | Paralysed by Rupert for 4 turns
 11320 | Lair:3   | Mangled by Rupert

Skill      XL: |  1  2  3  4  5  6  7  8  9 10 11 |
---------------+----------------------------------+-----
Stealth        | 2 |  2.0
Dodging        | 3 5 |  5.5
Fighting       | 4 6 10 | 10.0
Maces & Flails | 4 6 7 8 11 13 14 | 14.0
Spellcasting   | 1 2 |  2.0
Conjurations   | 1 2 |  2.3
Invocations    | 7 |  7.0

Action                   |  1- 3 |  4- 6 |  7- 9 | 10-12 || total
-------------------------+-------+-------+-------+-------++-------
Melee: Mace              |    82 |   177 |       |       ||   259
       Tailslap          |     8 |    26 |    42 |    85 ||   161
       Flail             |       |    48 |   296 |       ||   344
       Whip              |       |       |    30 |   543 ||   573
 Cast: Magic Dart        |       |     2 |     7 |       ||     9
Invok: Upheaval          |       |       |     4 |     4 ||     8
       Elemental Force   |       |       |       |     2 ||     2
 Abil: Breathe Acid      |       |       |    21 |    13 ||    34
  Use: Potion            |       |     3 |     2 |     3 ||     8
       Scroll            |       |     2 |     8 |     8 ||    18
 Stab: Sleeping          |     3 |       |       |       ||     3
  Eat: Chunk             |       |    26 |    17 |    23 ||    66
Armor: Skin              |    26 |    52 |    52 |    58 ||   188
Dodge: Dodged            |    56 |   225 |   240 |   246 ||   767
Block: Other             |       |       |    33 |    64 ||    97
